 Dungeon Crawl Stone Soup version 0.27-b1-41-gafb5482f4b (webtiles) character file.

Game seed: 7091744239253165284

12 hawla the Sneak (level 2, 0/15 (18) HPs)
             Began as a Deep Elf Delver on July 28, 2021.
             Slain by Duvessa (3 damage)
             ... on level 4 of the Dungeon.
             The game lasted 00:01:03 (416 turns).

hawla the Sneak (Deep Elf Delver)                    Turns: 416, Time: 00:01:04

HP:   0/15 (18)     AC:  3    Str:  9    XL:     2   Next: 20%
MP:   5/5           EV: 12    Int: 14    God:
Gold: 10            SH:  0    Dex: 16    Spells: 3/3 levels left

rFire    . . .     SeeInvis .   a - +0 short sword
rCold    . . .     Faith    .   (no shield)
rNeg     . . .     Spirit   .   b - +0 leather armour
rPois    .         Reflect  .   (no helmet)
rElec    .         Harm     .   (no cloak)
rCorr    .         Rampage  .   (no gloves)
Will     .....                  (no boots)
Stlth    +++.......             (no amulet)
HPRegen  0.05/turn              (no ring)
MPRegen  0.09/turn              (no ring)

@: hasted, heavily drained, very quick
A: no striking features
a: no special abilities


You were on level 4 of the Dungeon.
You visited 1 branch of the dungeon, and saw 2 of its levels.

You collected 10 gold pieces.

Inventory:

Hand Weapons
 a - a +0 short sword (weapon)
Armour
 b - a +0 leather armour (worn)
Wands
 g - a wand of digging (3)
Scrolls
 c - a scroll of fog
 d - a scroll of magic mapping


   Skills:
 + Level 2.5 Fighting
 + Level 2.2 Short Blades
 + Level 2.6 Dodging
 - Level 6.0 Stealth
 + Level 1.0 Spellcasting
 + Level 0.6 Evocations


You had 3 spell levels left.
You didn't know any spells.
Your spell library was empty.

Dungeon Overview and Level Annotations

Branches:
Dungeon (5/15)
 Temple: D:4-7

Altars:

Annotations:
D:4 Dowan, Duvessa, Eustachio
D:5 Ijyb


Message History

The hound skeleton closely misses you.
You hit the hound skeleton.
The hound skeleton is almost destroyed.
The hound skeleton bites you.
You hit the hound skeleton but do no damage.
The hound skeleton is almost destroyed.
The hound skeleton bites you but does no damage.
You barely miss the hound skeleton.
The hound skeleton is almost destroyed.
The hound skeleton closely misses you. The hound skeleton bites you.
You hit the hound skeleton.
You destroy the hound skeleton!
Your Spellcasting skill increases to level 1!
You have reached level 2!
Magic restored.
You now have 10 gold pieces.
You open the door.
Eustachio the Magnificent comes into view.
He is wielding a +0 falchion.
Eustachio is nearby!
Eustachio is nearby!
You close the door.
Duvessa, Sister of Dowan comes into view.
She is wielding a +2 rapier of draining.
Dowan, Brother of Duvessa comes into view.
He is wielding a +0 dagger.
Found a leather armour.
Duvessa shouts!
Duvessa is nearby!
Duvessa says, "When magic and the sword combine, nothing stands against them."
As you open the door, it creaks loudly!
You hear an angry hiss. x2
A water moccasin skeleton comes into view.
Duvessa hits you with a +2 rapier of draining.
You feel drained.
Found 12 gold pieces.
Okay, then.
Okay, then.
You feel yourself speed up.
Duvessa hits you with a +2 rapier of draining!
Ouch! That really hurt!
* * * LOW HITPOINT WARNING * * *
You feel drained.
You die...

#.#.....# ..
##'##+#..#...
#.>..........
#............ .
#......###... ..
#......# # #... #......#
### .Z.##
#......###.######......
##........e.#..e@'$.....
......e.###.#.####......
.......## #...# .....
.......# ##### ....
.....e.# ... .......# ..
.......# . .......#
..[....#


You could see Duvessa and a water moccasin skeleton.

Vanquished Creatures
  A hound skeleton (D:4)
1 creature vanquished.

Notes
Turn   | Place    | Note
-------+----------+-------------------------------------------
     0 | D:5      | hawla the Deep Elf Delver began the quest for the Orb.
     0 | D:5      | Reached XP level 1. HP: 13/13 MP: 3/3
    17 | D:5      | Noticed Ijyb
    22 | D:5      | Noticed an ogre
   263 | D:4      | Reached skill level 1 in Spellcasting
   263 | D:4      | Reached XP level 2. HP: 10/18 MP: 3/5
   395 | D:4      | Noticed Eustachio
   399 | D:4      | Noticed Duvessa
   400 | D:4      | Noticed Dowan
   416 | D:4      | Slain by Duvessa

Illustrated notes

Levels and vault maps discovered:
D:4:      layout_basic, minmay_temple_entry_waves, uniq_duvessa, uniq_eustachio,
          uniq_grinder
D:5:      layout_loops_ring, pdpol_wu_jian_five_deadly_venoms, kennysheep_dice,
          uniq_ijyb, uniq_pikel, uniq_menkaure

Skill      XL: |  1 |
---------------+----+-----
Spellcasting   | 1 |  1.0
Fighting       | |  2.5
Short Blades   | |  2.2
Dodging        | |  2.6
Stealth        | |  6.0
Evocations     | |  0.6

Action                   || total
-------------------------++-------
Melee: Short sword       ||     9
  Use: Scroll            ||     1
       Potion            ||     1
Armor: Leather armour    ||     2
Dodge: Dodged            ||     4
